 Dungeon Crawl Stone Soup version 0.27-a0-1188-g73eefd5def (webtiles) character file.

Game seed: 17185077111166744230

12 spiderkeys the Skirmisher (level 2, -15/24 HPs)
             Began as a Demonspawn Berserker on May 21, 2021.
             Was a Follower of Trog.
             Engulfed by a cloud of flame (22 damage)
             ... on level 2 of the Dungeon.
             The game lasted 00:00:35 (548 turns).

spiderkeys the Skirmisher (Demonspawn Berserker)     Turns: 548, Time: 00:00:36

Health: -15/24     AC:  2    Str: 17    XL:     2   Next: 20%
Magic:  2/2        EV: 12    Int:  8    God:    Trog [*.....]
Gold:   6          SH:  0    Dex: 12    Spells: 1/1 levels left

rFire    . . .     SeeInvis .   a - +0 hand axe
rCold    . . .     Faith    .   (no shield)
rNeg     . . .     Spirit   .   b - +0 animal skin
rPois    .         Reflect  .   (no helmet)
rElec    .         Harm     .   (no cloak)
rCorr    .         Rampage  .   (no gloves)
Will     .....                  (no boots)
Stlth    +.........             (no amulet)
HPRegen  0.08/turn              (no ring)
MPRegen  0.08/turn              (no ring)

@: no status effects
A: talons 1
a: Renounce Religion, Berserk


You were on level 2 of the Dungeon.
You worshipped Trog.
Trog was aware of your devotion.
You visited 1 branch of the dungeon, and saw 2 of its levels.

You collected 6 gold pieces.


Innate Abilities, Weirdness & Mutations

You have sharp toenails.


   Skills:
 + Level 3.1 Fighting
 * Level 3.0 Axes
 + Level 2.0 Armour
 + Level 2.0 Dodging


You had one spell level left.
You didn't know any spells.
Your spell library was empty.

Inventory:

Hand Weapons
 a - a +0 hand axe (weapon)
Missiles
 c - 4 stones
Armour
 b - a +0 animal skin (worn)
Potions
 e - a potion of magic {unknown}

Dungeon Overview and Level Annotations

Branches:
Dungeon (1/15)

Altars:

###
#######.##
.........#
######@##
####ยง###
#..ยงยงยง.#
#.##.#.#
#...# ##..#
#.###..#
#......#
#####.##


There were no monsters in sight!


Message History

You take 1 damage, and now have 15/18 hp.
You barely miss the frilled lizard.
The frilled lizard bites you but does no damage.
The kobold throws a stone.
The stone hits you. ๐Ÿ˜ฎ HP[-2]
You take 2 damage, and now have 13/18 hp.
You are too injured to fight recklessly!
You are too injured to fight recklessly!
You are too injured to fight recklessly!
You are too injured to fight recklessly!
You are too injured to fight recklessly!
You miss the frilled lizard.
The frilled lizard closely misses you. ๐Ÿ˜• HP[+1]
You slash the frilled lizard!
You kill the frilled lizard!
Trog accepts your kill.
You barely miss the kobold. The kobold hits you but does no damage.
You barely miss the dart slug. You hit the kobold.
You kill the kobold!
Trog accepts your kill. The dart slug bites you. ๐Ÿ˜ฎ HP[-3]
You take 3 damage, and now have 11/18 hp.
Things that are here:
a +0 whip; 4 stones You hit the dart slug.
The dart slug barely misses you.
You hit the dart slug. The dart slug misses you.
You hit the dart slug. The dart slug barely misses you.
You hit the dart slug.
You kill the dart slug!
Trog accepts your kill.
You have reached level 2!
Your demonic ancestry asserts itself...
Your toenails lengthen and sharpen. ๐Ÿ˜ฎ HP[+4] MP[+1]
You now have 24 max hp (+6).
You regained 4 hp, and now have 15/24 hp.
Your mp is fully restored (2).
Key pressed, stopping explore.
Key pressed, stopping explore.
c - 4 stones You see here a +0 whip.
d - a scroll labelled KIKASSOWUE ๐Ÿ˜Ž HP[+9]
Your hp is fully restored (24).
A bat comes into view.
A bat is nearby!
The bat hits you but does no damage.
You hit the bat.
You kill the bat!
Trog accepts your kill.
No target in view!
No target in view!
Key pressed, stopping explore.
e - a dark potion
Found a stone staircase leading down.
You fall into a shaft and drop 1 floor!
The shaft crumbles and collapses.
A worm comes into view.
You hit the worm. You barely miss the worm. You claw the worm.
The worm bites you! ๐Ÿ˜ฎ HP[-11]
You take 11 damage, and now have 13/24 hp.
MASSIVE DAMAGE!! (PAUSE)
You hit the worm. You claw the worm. The worm bites you but does no damage.
You hit the worm.
You kill the worm!
Trog accepts your kill.
Your Axes skill increases to level 3!
Your Armour skill increases to level 2!
Your Dodging skill increases to level 2!
You see here a worm corpse. ๐Ÿ˜ฎ HP[+1]
f - a scroll labelled XIANOU YRCHEIB Key pressed, stopping explore.
Key pressed, stopping explore.
Key pressed, stopping explore.
A bat comes into view. ๐Ÿ˜Ž HP[+10]
Your hp is fully restored (24).
As you read the scroll labelled KIKASSOWUE, it crumbles to dust.
The creatures around you are filled with an inner flame!
It was a scroll of immolation.
The bat closely misses you.
Blink to where?
Press: ? - help, Dir - move target
As you read the scroll labelled XIANOU YRCHEIB, it crumbles to dust.
It was a scroll of blinking.
The bat barely misses you.
You now have 6 gold pieces.
The bat hits you but does no damage. The bat hits you but does no damage.
You barely miss the bat. The bat hits you.
The bat closely misses you. ๐Ÿ˜• HP[-1]
You take 1 damage, and now have 23/24 hp.
You slash the bat! Trog accepts your kill.
The bat explodes!
The fiery explosion engulfs you!
Ouch! That really hurt!
* * * LOW HITPOINT WARNING * * *
You are engulfed in blazing flames.
Ouch! That really hurt!
You die...

Skill      XL: |  1  2 |
---------------+-------+-----
Axes           | 3 |  3.0
Armour         | 2 |  2.0
Dodging        | 2 |  2.0
Fighting       | |  3.1

Action                   || total
-------------------------++-------
Melee: Hand axe          ||    32
       Kick              ||     2
  Use: Scroll            ||     2
Armor: Animal skin       ||    25
Dodge: Dodged            ||    38

Levels and vault maps discovered:
D:1:      co_arrival_random_square_maze, layout_basic
D:2:      layout_loops_cross

Notes
Turn   | Place    | Note
-------+----------+-------------------------------------------
     0 | D:1      | spiderkeys the Demonspawn Berserker began the quest for the
                  | Orb.
     0 | D:1      | Reached XP level 1. HP: 18/18 MP: 1/1
     0 | D:1      | magus.rc [v1.9.10]
   171 | D:1      | Gained mutation: You have sharp toenails. [demonic
                  | ancestry]
   171 | D:1      | Reached XP level 2. HP: 15/24 MP: 2/2
   383 | D:1      | You fall into a shaft and drop 1 floor!
   390 | D:2      | Reached skill level 3 in Axes
   390 | D:2      | Reached skill level 2 in Armour
   390 | D:2      | Reached skill level 2 in Dodging
   548 | D:2      | Engulfed by a cloud of flame

Vanquished Creatures
  A worm (D:2)
  A dart slug (D:1)
  6 bats
  A frilled lizard (D:1)
  A kobold (D:1)
10 creatures vanquished.

Table legend:
 A = Non-vault XP
 B = Vault XP
 C = Vault XP percentage of total XP
 D = Non-vault monster count
 E = Vault monster count
 F = Vault count percentage of total count
                 A         B        C        D         E       F
            +---------+---------+-------+---------+---------+-------
      Total |      19 |       0 |   0.0 |      10 |       0 |   0.0
            +---------+---------+-------+---------+---------+-------
        D:1 |      13 |       0 |   0.0 |       8 |       0 |   0.0
        D:2 |       6 |       0 |   0.0 |       2 |       0 |   0.0
            +---------+---------+-------+---------+---------+-------

Illustrated notes

Table legend:
 A = Kills in this place as a percentage of kills in entire the game.
 B = Kills by you in this place as a percentage of kills by you in the entire game.
 C = Kills by friends in this place as a percentage of kills by friends in the entire game.
 D = Other kills in this place as a percentage of other kills in the entire game.
 E = Experience gained in this place as a percentage of experience gained in the entire game.
 F = Experience gained in this place divided by the number of levels of this place that you have seen.
                   A       B       C       D       E      F
               +-------+-------+-------+-------+-------+----------------------
         Total | 100.0 | 100.0 |   N/A |   N/A | 100.0 |   9.5
       Dungeon | 100.0 | 100.0 |   N/A |   N/A | 100.0 |   9.5
               +-------+-------+-------+-------+-------+----------------------

Table legend: (Time is in decaauts)
 A = Elapsed time spent in this place.
 B = Non-inter-level travel time spent in this place.
 C = Inter-level travel time spent in this place.
 D = Time resting spent in this place.
 E = Time spent auto-exploring this place.
 F = Levels seen in this place.
 G = Mean time per level.
                   A        B        C        D        E       F      G
               +--------+--------+--------+--------+--------+-----+--------+
         Total |    553 |    553 |      0 |      0 |    472 |   2 |  276.5 |
       Dungeon |    553 |    553 |      0 |      0 |    472 |   2 |  276.5 |
               +--------+--------+--------+--------+--------+-----+--------+

Top non-repeatable levels by time:
     D:1: 387 daAuts
     D:2: 165 daAuts
